 Dungeon Crawl Stone Soup version 0.29-a0-1014-ga8c0faee3b (webtiles) character file.

Game seed: 4805156346459859450

18 BritishOli the Trooper (level 2, 16/24 HPs)
             Began as a Demonspawn Fighter on Aug 9, 2022.
             Got out of the dungeon alive.
             The game lasted 00:00:57 (251 turns).

BritishOli the Trooper (Demonspawn Fighter)          Turns: 251, Time: 00:00:58

Health: 16/24      AC: 11    Str: 16    XL:     2   Next: 51%
Magic:  2/2        EV:  8    Int:  9    God:
Gold:   0          SH:  4    Dex: 12    Spells: 1/1 levels left

rFire   . . .      SeeInvis .   (no weapon)
rCold   . . .      Faith    .   c - +0 buckler
rNeg    . . .      Spirit   .   b - +0 scale mail
rPois   .          Reflect  .   (no helmet)
rElec   .          Harm     .   g - +0 cloak
rCorr   .          Rampage  .   (no gloves)
Will    .....                   (no boots)
Stlth   ..........              (no amulet)
HPRegen 0.08/turn               f - +4 ring of protection
MPRegen 0.08/turn               (no ring)

@: no status effects
A: demonic touch 1
a: no special abilities


You escaped.
You visited 1 branch of the dungeon, and saw 1 of its levels.

Inventory:

Hand Weapons
 a - a +0 long sword
Armour
 b - a +0 scale mail (worn)
 c - a +0 buckler (worn)
 g - a +0 cloak (worn)
Jewellery
 f - a +4 ring of protection (left hand)
Scrolls
 e - a scroll of poison {unknown}
Potions
 d - a potion of might


   Skills:
 + Level 3.2 Fighting
 + Level 2.1 Long Blades
 + Level 2.9 Armour
 + Level 2.9 Shields
 + Level 0.0 Unarmed Combat


You had one spell level left.
You didn't know any spells.
Your spell library was empty.

Dungeon Overview and Level Annotations

Branches:
Dungeon (1/15)

Altars:


Innate Abilities, Weirdness & Mutations

Your touch may inflict minor irresistible damage on your foes.


Message History

You kill the bat!
The bat hits you but does no damage.
You barely miss the bat. The bat hits you but does no damage.
Found a leather armour.
The bat barely misses you.
Things that are here:
a bat corpse; a dart slug corpse
Found a faded altar of an unknown god.
The bat hits you but does no damage. You block the bat's attack.
The bat hits you but does no damage. The bat barely misses you.
You miss the bat. The bat barely misses you.
The bat hits you but does no damage. The bat hits you.
The bat barely misses you. The bat misses you.
The bat hits you but does no damage. The bat barely misses you.
You hit the bat.
The bat is moderately wounded.
The bat hits you but does no damage. The bat hits you but does no damage.
You block the bat's attack.
You hit the bat but do no damage. The bat hits you but does no damage.
The bat hits you but does no damage. You block the bat's attack.
The bat attacks as you move away! The bat barely misses you.
You block the bat's attack. The bat barely misses you.
The bat attacks as you move away! The bat hits you but does no damage.
You block the bat's attack. The bat hits you but does no damage.
The bat attacks as you move away! The bat hits you but does no damage. x2
The bat attacks as you move away! The bat hits you but does no damage. x2
There is a staircase leading out of the dungeon here.
The bat hits you but does no damage.
You barely miss the bat. The bat closely misses you. The bat barely misses you.
The bat barely misses you. The bat hits you but does no damage. x2
There is a staircase leading out of the dungeon here.
You closely miss the bat. The bat hits you but does no damage.
The bat hits you.
Are you sure you want to leave the Dungeon?
This will make you lose the game!
You have escaped!

#. #. [# #. #.#
#.# #. #.# #.# #.
#.# #.# #. #.#
#.##. #.# #.#.#.#
..#####b#.########
.......#@#.......#
.. ##.#.########
#.# ##.#.#.## ..##
##.##.##.##
###..##
##.###.###.##
#..... ##.## #.#
##.## .....##
##.## #.# ##.##
......###.## #.##
##.## .........##
#..# ##.#


You could see a bat.

Vanquished Creatures
  2 dart slugs (D:1)
  A ball python (D:1)
  An endoplasm (D:1)
  2 hobgoblins (D:1)
  4 jackals (D:1)
  A bat (D:1)
  2 rats (D:1)
13 creatures vanquished.

Vanquished Creatures (others)
  6 fungi (D:1)
  2 plants (D:1)
8 creatures vanquished.

Grand Total: 21 creatures vanquished

Notes
Turn   | Place    | Note
-------+----------+-------------------------------------------
     0 | D:1      | BritishOli the Demonspawn Fighter began the quest for the
                  | Orb.
     0 | D:1      | Reached XP level 1. HP: 18/18 MP: 1/1
   145 | D:1      | Discovered your monstrous ancestry.
   145 | D:1      | Gained mutation: Your touch may inflict minor irresistible
                  | damage on your foes. [demonic ancestry]
   145 | D:1      | Reached XP level 2. HP: 24/24 MP: 2/2
   223 | D:1      | Found a faded altar of an unknown god.
   251 | D:$      | Got out of the dungeon alive.

Illustrated notes

Levels and vault maps discovered:
D:1:      spicycebolla_arrival_xxxplode, layout_rooms,
          dreamdust_ecumenical_altar_grove

Skill      XL: |  1 |
---------------+----+-----
Long Blades    | 2 |  2.1
Fighting       | |  3.2
Armour         | |  2.9
Shields        | |  2.9

Action                   || total
-------------------------++-------
Melee: Long sword        ||    33
       Unarmed           ||    36
Armor: Scale mail        ||    87
Dodge: Dodged            ||    50
Block: Buckler           ||    26

Table legend: (Time is in decaauts)
 A = Elapsed time spent in this place.
 B = Non-inter-level travel time spent in this place.
 C = Inter-level travel time spent in this place.
 D = Time resting spent in this place.
 E = Time spent auto-exploring this place.
 F = Levels seen in this place.
 G = Mean time per level.
                   A        B        C        D        E       F      G
               +--------+--------+--------+--------+--------+-----+--------+
         Total |    262 |    262 |      0 |      0 |    112 |   1 |  262.0 |
       Dungeon |    262 |    262 |      0 |      0 |    112 |   1 |  262.0 |
               +--------+--------+--------+--------+--------+-----+--------+

Top non-repeatable levels by time:
     D:1: 262 daAuts
